 Dungeon Crawl Stone Soup version 0.27-a0-1196-g3e9cee4cb2 (webtiles) character file.

Game seed: 13913815382253205867

44 miscthings the Magician (level 3, -7/25 HPs)
             Began as a Djinni Conjurer on May 28, 2021.
             Killed from afar by an orc wizard (8 damage)
             ... with a magic dart
             ... on level 3 of the Dungeon.
             The game lasted 00:03:01 (2092 turns).

miscthings the Magician (Djinni Conjurer)           Turns: 2092, Time: 00:03:02

Health: -7/25      AC:  2    Str:  6    XL:     3   Next: 85%
Gold:   58         EV: 12    Int: 19    God:
                   SH:  0    Dex: 12

rFire    + + .     SeeInvis .   (no weapon)
rCold    x . .     Faith    .   (no shield)
rNeg     . . .     Spirit   .   a - +0 robe
rPois    ∞         Reflect  .   (no helmet)
rElec    .         Harm     .   (no cloak)
rCorr    .         Rampage  .   (no gloves)
Will     .....                  (boots unavailable)
Stlth    ++........             (no amulet)
HPRegen  0.08/turn              (no ring)
MPRegen  0.00/turn              (no ring)

@: flying
A: sickness immunity, fire resistance 2, cold vulnerability 1, float, innate
caster, hp casting, extra vitality 1
a: no special abilities


You were on level 3 of the Dungeon.
You visited 1 branch of the dungeon, and saw 3 of its levels.

You collected 58 gold pieces.

Inventory:

Armour
 a - a +0 robe (worn)
Scrolls
 d - a scroll of amnesia {unknown}
 e - a scroll of enchant armour {unknown}
 h - a scroll of identify {unknown}
Potions
 b - a potion of cancellation {unknown}
 c - a potion of heal wounds {unknown}
 f - 2 potions of lignification {unknown}
 g - a potion of might {unknown}
 i - a potion of ambrosia {unknown}


   Skills:
 - Level 2.1 Dodging
 - Level 1.5 Stealth
 + Level 4.2 Spellcasting


You couldn't memorise any spells.
You knew the following spells:

 Your Spells              Type           Power      Damage    Failure   Level
a - Searing Ray           Conj           38%        3d4       3%          2
b - Magic Dart            Conj           76%        1d6       2%          1
c - Dazzling Flash        Conj/Hex       38%        N/A       7%          3
d - Fulminant Prism       Conj/Hex       9%         3d7       24%         4
e - Iskenderun's Mystic   Conj/Tloc      19%        2d6       24%         4
f - Beastly Appendage     Tmut           38%        N/A       2%          1
Your spell library was empty.

Dungeon Overview and Level Annotations

Branches:
Dungeon (3/15)

Altars:


Innate Abilities, Weirdness & Mutations

You are immune to sickness and miasma.
You are immune to poison.
Your flesh is very heat resistant. (rF++)
You are vulnerable to cold. (rC-)
You float through the air rather than walking.
You learn spells naturally, not from books.
Your magical power is your life essence.
You have superior vitality. (+4 HP)


Message History

Aim: an orc warrior, wielding a +0 long sword and wearing a +0 chain mail (75% to hit)
The searing ray hits the orc warrior.
The orc warrior is moderately wounded. (Press . to maintain the ray.)
The searing ray hits the orc warrior but does no damage.
The orc warrior is moderately wounded.
An orc priest comes into view. It is wielding a +0 mace.
The searing ray hits the orc warrior.
The orc warrior is heavily wounded.
Casting: Searing Ray (safe; 3% risk of failure)
Confirm with . or Enter, or press ? or * to list all spells.
Aiming: Searing Ray (safe; 3% risk of failure)
Press: ? - help, Shift-Dir - straight line, f/p - orc warrior
Aim: an orc warrior, wielding a +0 long sword and wearing a +0 chain mail (moderately wounded, 75% to hit)
The searing ray hits the orc warrior!
The orc warrior is severely wounded.
The searing ray hits the hobgoblin.
You kill the hobgoblin! (Press . to maintain the ray.)
The orc warrior barely misses you.
The searing ray hits the orc warrior.
The orc warrior is severely wounded.
The orc warrior closely misses you.
An orc wizard comes into view. It is wielding a +0 dagger.
Casting: Searing Ray (safe; 3% risk of failure)
Confirm with . or Enter, or press ? or * to list all spells.
Aiming: Searing Ray (safe; 3% risk of failure)
Press: ? - help, Shift-Dir - straight line, f - orc priest, p - orc warrior
Aim: an orc priest, wielding a +0 mace (78% to hit)
The searing ray hits the orc warrior.
The orc warrior is almost dead.
The searing ray hits the orc priest!
The orc priest is heavily wounded. (Press . to maintain the ray.)
The orc warrior hits you with a +0 long sword!
Ouch! That really hurt!
* * * LOW HITPOINT WARNING * * *
The orc wizard casts a spell at you. The magic dart hits you!
You die...

...... ...... #...#
#...# ###...## ##
#......# g. ####.#....#
#. #.o.o@....#
###..###.##......#
.........##..##..######
..#......#.............
#......o.......#####.
.................##
###...o.###.#.....#
###.##. #.#.....# #.
#.#.#.....#


You could see an orc warrior, an orc priest and an orc wizard.

Vanquished Creatures
  An adder (D:2)
  A dart slug (D:1)
  3 endoplasms
  A giant cockroach (D:1)
  A goblin (D:2)
  4 hobgoblins
  4 jackals (D:1)
  A quokka (D:2)
  4 ball pythons
  5 bats
  A frilled lizard (D:1)
  2 kobolds (D:1)
  4 rats
32 creatures vanquished.

Vanquished Creatures (others)
  4 toadstools (D:1)
4 creatures vanquished.

Grand Total: 36 creatures vanquished

Notes
Turn   | Place    | Note
-------+----------+-------------------------------------------
     0 | D:1      | miscthings the Djinni Conjurer began the quest for the Orb.
     0 | D:1      | Reached XP level 1. HP: 15/15 MP: 0/0
   363 | D:1      | Reached XP level 2. HP: 14/21 MP: 0/0
   426 | D:1      | Found a faded altar of an unknown god.
  1467 | D:2      | Reached XP level 3. HP: 20/25 MP: 0/0
  1467 | D:2      | Learned a level 1 spell: Beastly Appendage
  1603 | D:2      | Reached skill level 4 in Spellcasting
  2077 | D:3      | Noticed an orc warrior
  2092 | D:3      | HP: 1/25 [orc warrior/+0 long sword (14)]
  2092 | D:3      | Killed from afar by an orc wizard

Illustrated notes

Levels and vault maps discovered:
D:1:      ldierk_walled_garden_2, layout_basic,
          shapermc_ecumenical_altar_notcrosses, minmay_misc_feat_iff,
          chequers_serial_rivers_room_a
D:2:      layout_basic
D:3:      layout_loops_cross, ashenzari_conservatory_becter

Skill      XL: |  1  2  3 |
---------------+----------+-----
Spellcasting   | 4 |  4.2
Dodging        | |  2.1
Stealth        | |  1.5

Action                   || total
-------------------------++-------
Melee: Unarmed           ||     4
 Cast: Magic Dart        ||    31
       Searing Ray       ||    19
Armor: Robe              ||     2
Dodge: Dodged            ||    18

Table legend: (Time is in decaauts)
 A = Elapsed time spent in this place.
 B = Non-inter-level travel time spent in this place.
 C = Inter-level travel time spent in this place.
 D = Time resting spent in this place.
 E = Time spent auto-exploring this place.
 F = Levels seen in this place.
 G = Mean time per level.
                   A        B        C        D        E       F      G
               +--------+--------+--------+--------+--------+-----+--------+
         Total |   2091 |   2020 |     71 |    712 |   1154 |   3 |  697.0 |
       Dungeon |   2091 |   2020 |     71 |    712 |   1154 |   3 |  697.0 |
               +--------+--------+--------+--------+--------+-----+--------+

Top non-repeatable levels by time:
     D:1: 1435 daAuts
     D:2: 621 daAuts
     D:3: 34 daAuts
